 Dungeon Crawl Stone Soup version 0.32-a0-7-ge934b4519a (webtiles) character file.

Game seed: 17743571119312958496

80 case the Firebug (level 4, -2/30 HPs)
             Began as a Human Fire Elementalist on Jan 13, 2024.
             Slain by a scorpion (5 damage)
             ... on level 3 of the Dungeon.
             The game lasted 00:08:31 (2793 turns).

case the Firebug (Human Fire Elementalist)          Turns: 2793, Time: 00:08:31

Health: -2/30      AC:  3    Str:  9    XL:     4   Next: 39%
Magic:  1/8        EV: 12    Int: 17    God:
Gold:   166        SH:  0    Dex: 19    Spells: 2/8 levels left

rFire   . . .        d - +0 dagger
rCold   . . .        (no shield)
rNeg    . . .        a - +0 robe
rPois   .            (no helmet)
rElec   .            (no cloak)
rCorr   .            p - +0 pair of gloves
SInv    .            (no boots)
Will    +....        (no amulet)
Stlth   ++           h - ring of willpower
HPRegen 0.25/turn    e - +6 ring of dexterity
MPRegen 0.11/turn

%: no passive effects
@: very slightly contaminated
A: explore regen
a: no special abilities


You were on level 3 of the Dungeon.
You visited 1 branch of the dungeon, and saw 4 of its levels.

You collected 166 gold pieces.

Inventory:

Hand Weapons
 d - a +0 dagger (weapon)
Armour
 a - a +0 robe (worn)
 p - a +0 pair of gloves (worn)
Jewellery
 e - a +6 ring of dexterity (right hand)
 h - a ring of willpower (left hand)
Wands
 o - a wand of roots (20)
Scrolls
 j - a scroll of enchant weapon {unknown}
 k - a scroll of torment {unknown}
 l - a scroll of fear {unknown}
 n - a scroll of immolation {unknown}
Potions
 b - a potion of magic
 c - a potion of curing
 f - 2 potions of enlightenment
 g - a potion of ambrosia {unknown}
 i - a potion of brilliance {unknown}
 q - a potion of attraction {unknown}
 r - a potion of haste {unknown}


   Skills:
 - Level 2.0 Dodging
 - Level 2.0 Stealth
 + Level 2.6 Spellcasting
 + Level 2.5 Conjurations
 + Level 3.6 Fire Magic
 + Level 1.1 Air Magic


You had 2 spell levels left.
You knew the following spells:

 Your Spells              Type           Power      Damage    Failure   Level
a - Foxfire               Conj/Fire      48%        2x1d6     5%          1
b - Scorch                Fire           28%        2d6       6%          2
c - Swiftness             Air            6%         N/A       34%         3

Your spell library contained the following spells:

 Spells                   Type           Power      Damage    Failure   Level
 Shock                    Conj/Air       32%        1d5       9%          1
 Inner Flame              Hex/Fire       8%         N/A       26%         3
 Volatile Blastmotes      Fire/Tloc      16%        2d11      26%         3
 Flame Wave               Conj/Fire      12%        2d6       45%         4
 Airstrike                Air            3%         2d(1-17)  75%         4


Dungeon Overview and Level Annotations

Branches:
Dungeon (4/15)
 Temple: D:4-7

Altars:
Elyvilon

Shops:
D:3 (

Annotations:
D:3 Sigmund


Innate Abilities, Weirdness & Mutations

You regain HP and MP as you explore.


Message History

The foxfire hits the sleepcap.
The sleepcap is moderately damaged.
The scorpion closely misses you.
You climb upwards.
Level annotation: Sigmund
There is a stone staircase leading down here.
The sleepcap releases spores at you. The scorpion attacks as it pursues you!
The scorpion misses you.
Your magical contamination has completely faded away.
Casting: Foxfire (safe; 5% risk of failure)
Confirm with . or Enter, or press ? or * to list all spells.
Flames lash the scorpion.
The scorpion is lightly wounded.
The scorpion's fire resistance burns away.
The sleepcap releases spores at you.
You are engulfed in a cloud of soporific spores!
You fall asleep.
The sleepcap barely misses you.
You wake up.
Casting: Scorch (safe; 6% risk of failure)
Confirm with . or Enter, or press ? or * to list all spells.
You conjure some foxfire!
The sleepcap misses you.
Your foxfire dissipates!
The foxfire hits the scorpion but does no damage.
The scorpion is lightly wounded.
The sleepcap attacks as it pursues you! The sleepcap releases spores at you.
Casting: Foxfire (safe; 5% risk of failure)
Confirm with . or Enter, or press ? or * to list all spells.
Okay, then.
Casting: Swiftness (extremely dangerous; 34% risk of failure)
Confirm with . or Enter, or press ? or * to list all spells.
You miscast Swiftness.
You are very lightly contaminated with residual magic.
You are caught in an explosion of electrical discharges!
The sleepcap releases spores at you.
You are engulfed in a cloud of soporific spores!
You fall asleep.
The sleepcap releases spores at you!
You wake up.
* * * LOW HITPOINT WARNING * * *
The scorpion stings you.
You die...

############# #######
#...........# ..)...#
####.#########.#
#####.########.....# #.#
...............###.########.#####
.###..###......# #...............
.# #..# #.###..###.####.##..#####
## #..###.###......###...#>.# #
####..#.........@f.....#.#..# #
#.........###.###s####......# #
#......######.# #.####..###.# #
..............# #...........# #
#.###..######.# ######.)##### #
.......# #.# #..# # ..####.#
##.## #..# # ..# #.# #.#.# #..# #
..# #.# ##.## #..# #


You could see a sleepcap and a scorpion.

Vanquished Creatures
  2 adders
  2 dart slugs
  2 ribbon worms
  6 ball pythons
  5 endoplasms
  A giant cockroach (D:3)
  7 goblins
  5 hobgoblins
  4 kobolds
  4 quokkas
  2 bats
  5 frilled lizards
  5 rats
50 creatures vanquished.

Vanquished Creatures (others)
  107 foxfires
107 creatures vanquished.

Grand Total: 157 creatures vanquished

Notes
Turn   | Place    | Note
-------+----------+-------------------------------------------
     0 | D:1      | case the Human Fire Elementalist began the quest for the
                  | Orb.
     0 | D:1      | Reached XP level 1. HP: 13/13 MP: 3/3
   182 | D:1      | Reached XP level 2. HP: 19/19 MP: 5/5
   872 | D:1      | Reached XP level 3. HP: 11/24 MP: 2/6
  1058 | D:2      | Found a white marble altar of Elyvilon.
  1074 | D:2      | Learned a level 2 spell: Scorch
  1078 | D:2      | Learned a level 3 spell: Swiftness
  1522 | D:2      | You fall into a shaft and drop 2 floors!
  1529 | D:4      | Noticed a scorpion
  1545 | D:4      | Noticed an ogre
  1812 | D:3      | Found Naeguy's Weapon Boutique.
  2132 | D:3      | Reached XP level 4. HP: 30/30 MP: 4/7
  2158 | D:3      | Noticed Sigmund
  2282 | D:2      | Reached skill level 1 in Air Magic
  2793 | D:3      | Slain by a scorpion

Illustrated notes

Levels and vault maps discovered:
D:1:      roderic_dead_forest, layout_loops_ring
D:2:      minmay_spotlight, layout_basic, basic_altar
D:3:      layout_loops_ring, serial_shops, shop, uniq_sigmund
D:4:      layout_rooms, nicolae_ossuary_entry_catacombs

Skill      XL: |  1  2  3  4 |
---------------+-------------+-----
Conjurations   | 2 |  2.5
Air Magic      | 1 |  1.1
Dodging        | |  2.0
Stealth        | |  2.0
Spellcasting   | |  2.6
Fire Magic     | |  3.6

Action                     |  1- 3 |  4- 6 || total
---------------------------+-------+-------++-------
  Melee: Dagger            |    47 |    13 ||    60
         Unarmed           |     2 |       ||     2
         Punch             |     1 |       ||     1
   Cast: Foxfire           |    67 |    23 ||    90
         Scorch            |       |     4 ||     4
    Use: Scroll            |     1 |     1 ||     2
   Stab: Sleeping          |     2 |     1 ||     3
 Armour: Robe              |    42 |    40 ||    82
  Dodge: Dodged            |    52 |    31 ||    83

Table legend: (Time is in decaauts)
 A = Elapsed time spent in this place.
 B = Non-inter-level travel time spent in this place.
 C = Inter-level travel time spent in this place.
 D = Time resting spent in this place.
 E = Time spent auto-exploring this place.
 F = Levels seen in this place.
 G = Mean time per level.
                   A        B        C        D        E       F      G
               +--------+--------+--------+--------+--------+-----+--------+
         Total |   2792 |   2689 |    103 |    153 |   1889 |   4 |  698.0 |
       Dungeon |   2792 |   2689 |    103 |    153 |   1889 |   4 |  698.0 |
               +--------+--------+--------+--------+--------+-----+--------+

Top non-repeatable levels by time:
     D:3: 1002 daAuts
     D:1: 958 daAuts
     D:2: 782 daAuts
     D:4: 48 daAuts
